[Event "DFMMLV 2024"]
[Site "Braunfels"]
[Date "2024.05.31"]
[Round "2.34"]
[White "Brandt, Carina"]
[Black "Skibbe, Diana"]
[Result "1-0"]
[ECO "C56"]
[WhiteElo "2038"]
[BlackElo "1942"]
[Annotator "RC"]
[PlyCount "163"]
[EventDate "2024.05.30"]
[EventType "team-tourn"]
[EventCountry "GER"]
[SourceTitle "playchess.com"]
[Source "ChessBase"]
[SourceQuality "1"]
[TimeControl "40/5400+30:1800+30"]

1. e4 e5 2. Nf3 Nc6 3. Bc4 Nf6 4. d4 exd4 5. e5 d5 6. Bb5 Ne4 7. Nxd4 Bc5 8. O-O Bd7 9. Bxc6 bxc6 10. f3 Ng5 11. f4 Ne4 12. Be3 Bxd4 13. Qxd4 Bf5 14. Qa4 Qd7 15. Qa3 d4 16. Rd1 c5 17. c3 Bg4 18. Rd3 O-O 19. cxd4 c4 20. Rc3 Nxc3 21. Nxc3 c6 22. b3 cxb3 23. axb3 Be6 24. Ne4 Bd5 25. Nc5 Qg4 26. Qb2 h5 27. h3 Qf5 28. Qb1 Qxb1+ 29. Rxb1 Rfb8 30. Bd2 Rb5 31. b4 Rab8 32. Na6 R8b7 33. Ra1 Re7 34. Kf2 h4 35. Kg1 f6 36. Be1 g5 37. exf6 Re2 38. Nc7 gxf4 39. Nxb5 Rxg2+ 40. Kf1 cxb5 41. Bxh4 f3 42. Bf2 Kf7 43. Ra6 Bc4+ 44. Ke1 Rg8 45. Bh4 Rg2 46. Rxa7+ Kf8 47. Bf2 Rg6 48. Ra6 Kf7 49. Kd2 Be6 50. h4 Rxf6 51. Ke3 Rf5 52. Rc6 Bc4 53. Ke4 Rh5 54. Rc5 Rh6 55. Kxf3 Rf6+ 56. Ke3 Ra6 57. Rf5+ Kg6 58. Re5 Ra2 59. Be1 Ra3+ 60. Kf4 Rd3 61. Ke4 Rd1 62. h5+ Kh7 63. Bf2 Rb1 64. Be3 Rxb4 65. Re7+ Kg8 66. h6 Ba2 67. Bg5 Bb1+ 68. Ke5 Ra4 69. Rg7+ Kf8 70. Be7+ Ke8 71. h7 Bxh7 72. Rxh7 Kd7 73. d5 Kc8 74. Bc5 Ra2 75. Kd6 Ra6+ 76. Ke5 Ra2 77. d6 Rd2 78. Bb6 b4 79. Rc7+ Kb8 80. Ba7+ Ka8 81. d7 b3 82. Bd4 1-0

[Event "DFMMLV 2024"]
[Site "Braunfels"]
[Date "2024.05.31"]
[Round "2.35"]
[White "Dietrich, Mareike"]
[Black "Meyer, Bettina"]
[Result "0-1"]
[ECO "C06"]
[WhiteElo "1855"]
[BlackElo "1981"]
[Annotator "RC"]
[PlyCount "48"]
[EventDate "2024.05.30"]
[EventType "team-tourn"]
[EventCountry "GER"]
[SourceTitle "playchess.com"]
[Source "ChessBase"]
[SourceQuality "1"]
[TimeControl "40/5400+30:1800+30"]

1. e4 e6 2. d4 d5 3. Nd2 Nf6 4. e5 Nfd7 5. Bd3 c5 6. c3 Nc6 7. Ne2 cxd4 8. cxd4 f6 9. exf6 Nxf6 10. O-O Bd6 11. Nf3 Qc7 12. h3 O-O 13. Re1 Bd7 14. Be3 Be8 15. Rc1 Rc8 16. Nc3 a6 17. Qd2 Qd7 18. Bf4 Ne4 19. Nxe4 Bxf4 20. Nc5 Bxd2 21. Nxd7 Rxf3 22. Rxc6 Rxc6 23. Ne5 Bxe1 24. Nxf3 Ba5 0-1

[Event "DFMMLV 2024"]
[Site "Braunfels"]
[Date "2024.05.31"]
[Round "2.36"]
[White "Kotyk, Valeriya"]
[Black "Ulrich, Helena Irene"]
[Result "1-0"]
[ECO "E92"]
[WhiteElo "1874"]
[BlackElo "1819"]
[Annotator "NA RC"]
[PlyCount "83"]
[EventDate "2024.05.30"]
[EventType "team-tourn"]
[EventCountry "GER"]
[SourceTitle "playchess.com"]
[Source "ChessBase"]
[SourceQuality "1"]
[TimeControl "40/5400+30:1800+30"]

1. d4 Nf6 2. c4 g6 3. Nc3 Bg7 4. e4 d6 5. Nf3 O-O 6. Be2 e5 7. dxe5 dxe5 8. Qxd8 Rxd8 9. Bg5 Re8 10. O-O c6 11. Rfd1 h6 {[%emt 0:04:03] E92: King's Indian: Classical: 6 Be2 e5: 7 dxe5, 7 Be3 and Petrosian System without 7...Nbd7.} 12. Be3 Nbd7 13. Ne1 Nf8 14. f3 Ne6 15. g3 Bf8 16. Nc2 a5 17. Na4 Nd7 18. a3 Ndc5 19. Nxc5 Bxc5 $11 20. Bxc5 Nxc5 21. b4 Nd7 22. Ne3 Nf6 23. c5 Be6 24. Bc4 a4 25. Bxe6 Rxe6 26. Nc4 Re7 27. Rd3 Kg7 28. Rad1 Ree8 29. Nb6 Ra7 30. Rd8 Kf8 31. Rxe8+ Nxe8 32. Rd7 Nf6 33. Rd3 Kg7 34. Nc4 Ra8 35. Nxe5 Re8 36. Nc4 Ra8 37. Nb6 Ra7 38. Kf2 Kf8 39. h3 Kg7 40. e5 Ng8 41. Rd7 h5 42. e6 1-0

[Event "DFMMLV 2024"]
[Site "Braunfels"]
[Date "2024.05.31"]
[Round "2.37"]
[White "Geletzke, Hannah"]
[Black "Sural, Ceren"]
[Result "1-0"]
[ECO "B50"]
[WhiteElo "1753"]
[BlackElo "1793"]
[Annotator "NA RC"]
[PlyCount "75"]
[EventDate "2024.05.30"]
[EventType "team-tourn"]
[EventCountry "GER"]
[SourceTitle "playchess.com"]
[Source "ChessBase"]
[SourceQuality "1"]
[TimeControl "40/5400+30:1800+30"]

1. e4 c5 2. Nf3 d6 3. c3 Nf6 4. Bd3 Nc6 5. h3 e6 6. Bc2 Qc7 7. O-O Be7 8. d4 cxd4 9. cxd4 Bd7 10. Nc3 Nb4 11. Bb1 e5 12. a3 Na6 13. Ba2 O-O 14. Ng5 h6 15. Nf3 Rad8 16. Re1 Qb8 17. Nh4 Kh8 18. Nf5 Bxf5 19. exf5 Ng8 20. Qh5 Nf6 21. Qd1 Ng8 22. Be3 exd4 23. Bxd4 Bf6 24. Nd5 Nc7 25. Nxf6 gxf6 26. Qh5 Ne8 27. Bxf7 Ng7 28. Qg6 Qc7 29. Bxg8 Kxg8 30. Bxf6 Rd7 31. Rac1 Qb6 32. Re7 Rxe7 33. Bxe7 Qxb2 34. Qxh6 Re8 35. Bf6 Qxc1+ 36. Qxc1 Kf7 37. Bxg7 Kxg7 38. Qc7+ 1-0

[Event "DFMMLV 2024"]
[Site "Braunfels"]
[Date "2024.05.31"]
[Round "2.38"]
[White "Darvish Ghane, Luisa Marie"]
[Black "Loos, Tilda"]
[Result "1-0"]
[ECO "B31"]
[WhiteElo "1810"]
[BlackElo "1667"]
[Annotator "NA RC"]
[PlyCount "83"]
[EventDate "2024.05.30"]
[EventType "team-tourn"]
[EventCountry "GER"]
[SourceTitle "playchess.com"]
[Source "ChessBase"]
[SourceQuality "1"]
[TimeControl "40/5400+30:1800+30"]

1. e4 c5 2. Nf3 Nc6 3. Bb5 g6 4. Bxc6 bxc6 5. O-O Bg7 6. d3 d6 7. c3 Bg4 8. h3 Bxf3 9. Qxf3 e5 10. c4 Nf6 11. Nc3 O-O 12. Bg5 Qe7 13. Rab1 Qe6 14. b4 cxb4 15. Rxb4 Nd7 16. Be3 Nc5 17. Bxc5 dxc5 18. Rb7 Rfd8 19. Na4 Bf8 20. Rfb1 Rd7 21. R1b3 Rad8 22. Nb2 Rxb7 23. Rxb7 Rd7 24. Rxd7 Qxd7 25. Qd1 Qb7 26. Qb3 Qc7 27. a4 Bh6 28. Qc3 Bg7 29. Kf1 Qb6 30. Ke2 f5 31. a5 Qb7 32. Na4 Qe7 33. Qb3 fxe4 34. dxe4 Bh6 35. Qb8+ Kf7 36. a6 Qg5 37. Qxa7+ Kg8 38. Qb8+ Kf7 39. Qc7+ Kg8 40. Qc8+ Kf7 41. Qd7+ Kf8 42. a7 1-0

[Event "DFMMLV 2024"]
[Site "Braunfels"]
[Date "2024.05.31"]
[Round "2.39"]
[White "Kohl, Natalie"]
[Black "Neumann, Ramona"]
[Result "1/2-1/2"]
[ECO "C01"]
[WhiteElo "1683"]
[BlackElo "1774"]
[Annotator "NA RC"]
[PlyCount "47"]
[EventDate "2024.05.30"]
[EventType "team-tourn"]
[EventCountry "GER"]
[SourceTitle "playchess.com"]
[Source "ChessBase"]
[SourceQuality "1"]
[TimeControl "40/5400+30:1800+30"]

1. e4 e6 2. c3 d5 3. exd5 exd5 4. d4 Nc6 5. Nf3 Bd6 6. Na3 a6 7. Bd3 Bg4 8. h3 Bh5 9. Qe2+ Qe7 10. O-O Qxe2 11. Bxe2 Nf6 12. Bg5 Ne4 13. Rfe1 O-O 14. Nd2 Nxg5 15. Bxh5 Rfe8 16. Nc2 Bf4 17. Nf3 Ne4 18. g3 Bd6 19. Bg4 Nf6 20. Ne3 Ne7 21. Nf5 Nxf5 22. Bxf5 Ne4 23. Bxe4 dxe4 24. Nd2 1/2-1/2

[Event "DFMMLV 2024"]
[Site "Braunfels"]
[Date "2024.05.31"]
[Round "2.40"]
[White "Hoelzer, Jeanette"]
[Black "Scheiding, Sophia"]
[Result "1/2-1/2"]
[ECO "C42"]
[WhiteElo "1791"]
[BlackElo "1629"]
[Annotator "NA RC"]
[PlyCount "74"]
[EventDate "2024.05.30"]
[EventType "team-tourn"]
[EventCountry "GER"]
[SourceTitle "playchess.com"]
[Source "ChessBase"]
[SourceQuality "1"]
[TimeControl "40/5400+30:1800+30"]

1. e4 e5 2. Nf3 Nf6 3. Nxe5 d6 4. Nf3 Nxe4 5. Nc3 Nf6 6. Be2 Be7 7. d3 O-O 8. Be3 Nc6 9. Qd2 d5 10. d4 Bf5 11. Nh4 Bd7 12. Nf3 a6 13. Bg5 Be6 14. O-O Ne4 15. Nxe4 dxe4 16. Bxe7 Qxe7 17. Ng5 Bf5 18. Bc4 Bg6 19. c3 Rad8 20. b4 Ne5 21. Bb3 Ng4 22. Nh3 Rfe8 23. Rfe1 Qd6 24. Qf4 Nf6 25. Qxd6 Rxd6 26. Nf4 Bf5 27. h3 g5 28. Ne2 h5 29. Ng3 Bg6 30. Rad1 h4 31. Nf1 Bh5 32. Rd2 Rdd8 33. Ne3 Bg6 34. Rde2 Kf8 35. Bc2 b5 36. Ng4 Nd5 37. Ne5 Bh7 1/2-1/2

[Event "DFMMLV 2024"]
[Site "Braunfels"]
[Date "2024.05.31"]
[Round "2.44"]
[White "Storkebaum, Ulrike"]
[Black "Mader, Lena"]
[Result "1-0"]
[ECO "B15"]
[WhiteElo "1811"]
[BlackElo "1902"]
[Annotator "NA RC"]
[PlyCount "97"]
[EventDate "2024.05.30"]
[EventType "team-tourn"]
[EventCountry "GER"]
[SourceTitle "playchess.com"]
[Source "ChessBase"]
[SourceQuality "1"]
[TimeControl "40/5400+30:1800+30"]

1. e4 c6 2. d4 d5 3. Nc3 dxe4 4. Nxe4 Nf6 5. Ng3 Bg4 6. f3 Bd7 7. Bd3 e6 8. N1e2 c5 9. c3 Nc6 10. Be3 cxd4 11. Nxd4 Be7 12. Qd2 Nd5 13. Nxc6 Bxc6 14. Bd4 Bf6 15. Bxf6 Qxf6 16. O-O-O Qf4 17. Ne2 $11 Qxd2+ 18. Rxd2 O-O-O 19. Nd4 Kc7 20. Nxc6 Kxc6 21. Be4 Kc7 22. Bxd5 Rxd5 23. Rxd5 exd5 24. Re1 Kd6 25. Kc2 Rc8 26. Kd3 Rc7 27. b3 Rd7 28. Kd4 Kc6 29. f4 b5 30. f5 a5 31. Re8 g6 32. g4 Ra7 33. Rc8+ Kb6 34. f6 b4 35. Kxd5 Rd7+ 36. Ke5 bxc3 37. Rxc3 Rd2 38. Rh3 Re2+ 39. Kf4 Rxa2 40. Rxh7 Rb2 41. Rxf7 Rxb3 42. Rf8 a4 43. f7 g5+ 44. Kxg5 Rf3 45. Rb8+ Ka5 46. f8=Q Rxf8 47. Rxf8 a3 48. Ra8+ Kb4 49. Rxa3 1-0

[Event "DFMMLV 2024"]
[Site "Braunfels"]
[Date "2024.05.31"]
[Round "2.46"]
[White "Lerch, Cornelia"]
[Black "Rotermund, Verena"]
[Result "0-1"]
[ECO "C05"]
[WhiteElo "1847"]
[BlackElo "1765"]
[Annotator "NA RC"]
[PlyCount "100"]
[EventDate "2024.05.30"]
[EventType "team-tourn"]
[EventCountry "GER"]
[SourceTitle "playchess.com"]
[Source "ChessBase"]
[SourceQuality "1"]
[TimeControl "40/5400+30:1800+30"]

1. e4 e6 2. d4 d5 3. Nd2 Nf6 4. e5 Nfd7 5. Ngf3 c5 6. c3 Nc6 7. b3 f6 8. exf6 Nxf6 9. Bd3 cxd4 10. cxd4 Bd6 11. Bb2 O-O 12. O-O Bd7 13. Re1 $11 Qb6 14. Nf1 Rae8 15. Qd2 Bb4 16. Bc3 Bxc3 17. Qxc3 Nb4 18. Ng3 Nxd3 19. Qxd3 Bb5 20. Qd2 Qd6 21. Ne5 Nd7 22. Qg5 h6 23. Qg6 Nxe5 24. Rxe5 Rf6 25. Qg4 Rf7 26. Rae1 Bd7 27. Qe2 Ref8 28. f3 Qb4 29. Qd3 Rf4 30. Rd1 a6 31. Ne2 R4f5 32. Rxf5 Rxf5 33. Ng3 Rf6 34. Nh5 Rf7 35. Ra1 Qa3 36. Qc2 Qa5 37. a3 Qb6 38. Rd1 e5 39. Qc3 e4 40. Ng3 exf3 41. gxf3 Qf6 42. Kg2 Qh4 43. Kg1 Qg5 44. Re1 Qf4 45. Kf2 h5 46. h4 Bg4 47. Re3 Bh3 48. Nxh5 Qxh4+ 49. Ng3 Bd7 50. Qe1 Qh2+ 0-1

[Event "DFMMLV 2024"]
[Site "Braunfels"]
[Date "2024.05.31"]
[Round "2.49"]
[White "Vogel, Heike"]
[Black "Pavlov, Liliane"]
[Result "1-0"]
[ECO "D03"]
[WhiteElo "2095"]
[BlackElo "1846"]
[Annotator "RC"]
[PlyCount "49"]
[EventDate "2024.05.30"]
[EventType "team-tourn"]
[EventCountry "GER"]
[SourceTitle "playchess.com"]
[Source "ChessBase"]
[SourceQuality "1"]
[TimeControl "40/5400+30:1800+30"]

1. d4 Nf6 2. Nf3 e6 3. Bg5 d5 4. e3 c5 5. Nbd2 Nc6 6. c3 Be7 7. Bd3 Bd7 8. Ne5 h6 9. Bf4 Nxe5 10. dxe5 Nh7 11. Qh5 Nf8 12. Rd1 Qb6 13. c4 g6 14. Qe2 O-O-O 15. b4 Qxb4 16. Rb1 Qa5 17. O-O Bc6 18. cxd5 exd5 19. e4 c4 20. Bc2 Qxa2 21. Rfc1 Ba3 22. Ra1 Qb2 23. exd5 Bxd5 24. Nxc4 Qb5 25. Nd6+ 1-0

[Event "DFMMLV 2024"]
[Site "Braunfels"]
[Date "2024.05.31"]
[Round "2.50"]
[White "Albayrak, Berrak"]
[Black "Zimmer, Elke"]
[Result "1/2-1/2"]
[ECO "B00"]
[WhiteElo "1850"]
[BlackElo "1920"]
[Annotator "NA RC"]
[PlyCount "76"]
[EventDate "2024.05.30"]
[EventType "team-tourn"]
[EventCountry "GER"]
[SourceTitle "playchess.com"]
[Source "ChessBase"]
[SourceQuality "1"]
[TimeControl "40/5400+30:1800+30"]

1. e4 d6 2. Nf3 Nc6 3. g3 Bg4 4. d3 Nd4 5. Nbd2 e5 6. c3 Nxf3+ 7. Nxf3 Be7 8. Bg2 Qd7 9. Be3 h6 10. h3 Bh5 11. Qc2 (11. Nxe5 $2 Bxd1 12. Nxd7 Ba4 $19) 11... c5 12. a4 g5 13. Nd2 f6 $16 14. O-O Bf7 15. Nc4 Be6 16. Kh2 h5 17. Qe2 Bd8 18. f4 h4 19. f5 hxg3+ 20. Kxg3 Bxc4 21. dxc4 Qh7 22. Bf2 Be7 23. b4 Rd8 24. Rad1 b6 25. Rd3 Nh6 26. Rfd1 g4 27. Kh2 Qf7 28. Rd5 gxh3 29. Bxh3 Qh7 30. Qh5+ Nf7 31. Qxh7 Rxh7 32. R5d3 Ng5 33. Re1 Kf7 34. a5 Rdh8 35. Ree3 Rc8 36. b5 Rch8 37. a6 Bf8 38. Kg2 Nxh3 1/2-1/2

[Event "DFMMLV 2024"]
[Site "Braunfels"]
[Date "2024.05.31"]
[Round "2.51"]
[White "Noll, Sonja"]
[Black "Bauer, Laura Sophie"]
[Result "1/2-1/2"]
[ECO "B01"]
[WhiteElo "1837"]
[BlackElo "1874"]
[Annotator "NA RC"]
[PlyCount "110"]
[EventDate "2024.05.30"]
[EventType "team-tourn"]
[EventCountry "GER"]
[SourceTitle "playchess.com"]
[Source "ChessBase"]
[SourceQuality "1"]
[TimeControl "40/5400+30:1800+30"]

1. e4 d5 2. exd5 Qxd5 3. Nc3 Qd6 4. d4 Nf6 5. Nf3 c6 6. Ne5 Qd8 7. Bc4 e6 8. O-O Be7 9. Be3 O-O 10. Qf3 Nbd7 11. Rad1 $14 Nd5 12. Bc1 Bd6 13. Nxd7 Bxd7 14. Ne4 Bc7 15. c3 b6 16. Qh5 Nf6 17. Qh4 Nxe4 18. Qxe4 Qf6 19. Bd3 Qg6 20. Qf3 Qf6 21. Qxf6 gxf6 22. Bh6 Rfe8 23. f4 Kh8 24. Rf3 Rg8 25. f5 Bd8 26. Rdf1 Be7 27. Rh3 exf5 28. Bxf5 Bxf5 29. Rxf5 Rg6 30. Re3 Bd6 31. Bf4 Bxf4 32. Rxf4 Kg7 33. Re7 c5 34. dxc5 bxc5 35. h3 Rg5 36. Rc7 a5 37. Rc4 Rb8 38. b3 Rb5 39. Kf2 Re5 40. Rg4+ Rg5 41. Kf3 h5 42. Re4 Re5 43. Kf4 Kg6 44. c4 Rf5+ 45. Kg3 Rb4 46. Ree7 a4 47. Rxf7 Rg5+ 48. Kf4 Rf5+ 49. Kg3 Rg5+ 50. Kh4 axb3 51. Rg7+ Kh6 52. Rh7+ Kg6 53. axb3 Rxb3 54. g4 hxg4 55. hxg4 Rb4 1/2-1/2

[Event "DFMMLV 2024"]
[Site "Braunfels"]
[Date "2024.05.31"]
[Round "2.52"]
[White "Ankerst, Milka"]
[Black "Ramm, Madlen"]
[Result "1-0"]
[ECO "A03"]
[WhiteElo "1954"]
[BlackElo "1830"]
[Annotator "RC"]
[PlyCount "115"]
[EventDate "2024.05.30"]
[EventType "team-tourn"]
[EventCountry "GER"]
[SourceTitle "playchess.com"]
[Source "ChessBase"]
[SourceQuality "1"]
[TimeControl "40/5400+30:1800+30"]

1. g3 d5 2. Bg2 Nf6 3. f4 c5 4. Nf3 Nc6 5. b3 e6 6. e3 Be7 7. Bb2 b6 8. c4 Bb7 9. d4 O-O 10. Nbd2 Rc8 11. O-O Rc7 12. a3 Qa8 13. Qe2 Rd8 14. dxc5 bxc5 15. Ne5 dxc4 16. Ndxc4 Nxe5 17. fxe5 Bxg2 18. Qxg2 Qxg2+ 19. Kxg2 Nd5 20. e4 Nb6 21. Rac1 Rcd7 22. Kh3 Rd3 23. Na5 R8d7 24. Rc3 Rd2 25. Bc1 Re2 26. Rcf3 h5 27. Rxf7 g5 28. g4 Rd3+ 29. R7f3 hxg4+ 30. Kxg4 Rxe4+ 31. Kg3 Rxf3+ 32. Rxf3 Re1 33. Bd2 Re2 34. Rf2 Rxf2 35. Kxf2 c4 36. b4 a6 37. Nc6 Nd5 38. Nxe7+ Nxe7 39. Bxg5 Ng6 40. Bf6 Nf4 41. Ke1 Nd5 42. Kd2 Kf7 43. Bg5 Kg6 44. h4 Kf5 45. Bf6 Kg4 46. a4 Nxb4 47. Kc3 Nc6 48. Kxc4 Kf5 49. Kc5 Nxe5 50. Bg7 Nd3+ 51. Kb6 Kg4 52. Bf6 Nb4 53. Kc5 Nd5 54. Bg5 Nc3 55. Kb4 Nxa4 56. Kxa4 e5 57. Ka5 e4 58. Kxa6 1-0

[Event "DFMMLV 2024"]
[Site "Braunfels"]
[Date "2024.05.31"]
[Round "2.53"]
[White "Lebioda-Dette, Kordula"]
[Black "Reich, Elisabeth"]
[Result "0-1"]
[ECO "B50"]
[WhiteElo "1821"]
[BlackElo "1797"]
[Annotator "NA RC"]
[PlyCount "78"]
[EventDate "2024.05.30"]
[EventType "team-tourn"]
[EventCountry "GER"]
[SourceTitle "playchess.com"]
[Source "ChessBase"]
[SourceQuality "1"]
[TimeControl "40/5400+30:1800+30"]

1. e4 c5 2. Nf3 Nc6 3. Be2 d6 4. O-O Nf6 5. d3 g6 6. c3 Bg7 7. Bg5 O-O 8. Na3 a6 9. Nc4 b5 10. Ne3 Bb7 11. Qc2 Rc8 12. h3 h6 13. Bh4 e6 14. Rad1 Qb6 15. Qb1 g5 16. Bg3 Ne7 17. Nd2 Ng6 18. Bf3 d5 19. exd5 Nxd5 20. Nxd5 Bxd5 21. Bxd5 exd5 22. Nf3 f5 23. Kh1 f4 24. Bh2 Rfe8 25. d4 c4 26. Rde1 Qf6 27. Rxe8+ Rxe8 28. Re1 Kf7 29. Qd1 Qf5 30. Rxe8 Kxe8 31. Kg1 Kf7 32. Kf1 h5 33. Ne1 g4 34. hxg4 hxg4 35. Qc2 Qh5 36. Bg1 f3 37. Qd1 Nh4 38. Nc2 Nxg2 39. Ne3 Qh3 0-1

[Event "DFMMLV 2024"]
[Site "Braunfels"]
[Date "2024.05.31"]
[Round "3.1"]
[White "Klek, Hanna Marie"]
[Black "Jelica, Mara"]
[Result "1-0"]
[ECO "B90"]
[WhiteElo "2294"]
[BlackElo "2067"]
[Annotator "RC"]
[PlyCount "79"]
[EventDate "2024.05.30"]
[EventType "team-tourn"]
[EventCountry "GER"]
[SourceTitle "playchess.com"]
[Source "ChessBase"]
[SourceQuality "1"]
[TimeControl "40/5400+30:1800+30"]

1. e4 c5 2. Nf3 d6 3. d4 cxd4 4. Nxd4 Nf6 5. Nc3 a6 6. Be3 e5 7. Nb3 Be6 8. Qd2 Be7 9. f3 Qc7 10. g4 Nbd7 11. g5 Nh5 12. O-O-O b5 13. Nd5 Bxd5 14. exd5 O-O 15. Kb1 Bd8 16. c4 bxc4 17. Rc1 Nb6 18. Na5 Qd7 19. Nc6 Bc7 20. h4 f5 21. gxf6 Rxf6 22. Bh3 Qe8 23. Qa5 Rb8 24. Nxb8 Qxb8 25. Qxa6 Ng3 26. Rhe1 Rxf3 27. Bg4 Rf8 28. Rc2 Kh8 29. Be6 Nh5 30. Rf2 Nf6 31. Ref1 Re8 32. Qb5 c3 33. a4 cxb2 34. Bg5 Ng8 35. a5 Qa8 36. Rxb2 Nc4 37. Qxc4 Qxa5 38. Qb5 Qa8 39. Rc1 Rb8 40. Qxb8 1-0

[Event "DFMMLV 2024"]
[Site "Braunfels"]
[Date "2024.05.31"]
[Round "3.2"]
[White "Hund, Sarah"]
[Black "Schneider, Jana"]
[Result "1/2-1/2"]
[ECO "C54"]
[WhiteElo "1991"]
[BlackElo "2300"]
[Annotator "RC"]
[PlyCount "105"]
[EventDate "2024.05.30"]
[EventType "team-tourn"]
[EventCountry "GER"]
[SourceTitle "playchess.com"]
[Source "ChessBase"]
[SourceQuality "1"]
[TimeControl "40/5400+30:1800+30"]

1. e4 e5 2. Bc4 Nf6 3. d3 Nc6 4. Nf3 Bc5 5. c3 a6 6. a4 Ba7 7. Bg5 h6 8. Bh4 d6 9. Nbd2 Qe7 10. O-O Be6 11. b4 g5 12. Bg3 Bxc4 13. Nxc4 Qe6 14. b5 Ne7 15. Qb3 O-O 16. Rfe1 Nh5 17. d4 Nxg3 18. hxg3 g4 19. b6 gxf3 20. bxa7 fxg2 21. Kxg2 Rxa7 22. dxe5 dxe5 23. Rh1 Kg7 24. Qb4 Nc6 25. Qc5 b6 26. Qe3 Raa8 27. Rh5 f5 28. exf5 Rxf5 29. Rxf5 Qxf5 30. Rh1 h5 31. Qe2 Rh8 32. Rh4 Qf7 33. Nxe5 Re8 34. Rxh5 Qd5+ 35. Qf3 Qxf3+ 36. Nxf3 Re4 37. Rd5 Rxa4 38. Rd7+ Kf6 39. Rxc7 Na5 40. Nd4 Nc4 41. f4 b5 42. g4 Ra2+ 43. Kg3 Ne3 44. g5+ Kg6 45. Rc6+ Kg7 46. f5 b4 47. cxb4 Rd2 48. Rd6 Rxd4 49. Rg6+ Kh7 50. Rh6+ Kg7 51. Rg6+ Kh7 52. Rh6+ Kg7 53. Rg6+ 1/2-1/2

[Event "DFMMLV 2024"]
[Site "Braunfels"]
[Date "2024.05.31"]
[Round "3.3"]
[White "Hrebenshchykova, Yelyzaveta"]
[Black "Novikova, Margarita"]
[Result "1-0"]
[ECO "B01"]
[WhiteElo "2272"]
[BlackElo "1999"]
[Annotator "RC"]
[PlyCount "71"]
[EventDate "2024.05.30"]
[EventType "team-tourn"]
[EventCountry "GER"]
[SourceTitle "playchess.com"]
[Source "ChessBase"]
[SourceQuality "1"]
[TimeControl "40/5400+30:1800+30"]

1. e4 g6 2. d4 Bg7 3. Nf3 d5 4. exd5 Qxd5 5. c4 Qd8 6. Nc3 Nf6 7. h3 O-O 8. Bd3 e5 9. dxe5 Nfd7 10. Bg5 Qe8 11. O-O Nxe5 12. Nd5 Nxd3 13. Qxd3 Qd7 14. Bf6 Qd6 15. Qc3 c6 16. Bxg7 cxd5 17. Bxf8 Qxf8 18. cxd5 Bf5 19. Qb3 b6 20. Nd4 Bd7 21. Rac1 Na6 22. Qc4 Nc5 23. b4 Ne4 24. Ne6 Bxe6 25. dxe6 Ng5 26. exf7+ Qxf7 27. Qxf7+ Nxf7 28. Rfd1 Ng5 29. Rd7 Ne6 30. Re1 Nf8 31. Rb7 g5 32. Ree7 h6 33. Rxa7 Rd8 34. Rab7 Rd1+ 35. Kh2 Rd6 36. a4 1-0

[Event "DFMMLV 2024"]
[Site "Braunfels"]
[Date "2024.05.31"]
[Round "3.4"]
[White "Timofeeva, Galina"]
[Black "Bardorz, Jana"]
[Result "0-1"]
[ECO "A04"]
[WhiteElo "1981"]
[BlackElo "2051"]
[Annotator "NA RC"]
[PlyCount "76"]
[EventDate "2024.05.30"]
[EventType "team-tourn"]
[EventCountry "GER"]
[SourceTitle "playchess.com"]
[Source "ChessBase"]
[SourceQuality "1"]
[TimeControl "40/5400+30:1800+30"]

1. e4 c5 2. Nf3 d6 3. d3 Nc6 4. g3 g6 5. Bg2 Bg7 6. c3 e6 7. O-O Nge7 8. Re1 O-O 9. Nbd2 Qc7 10. Nf1 b6 11. h4 h6 12. Bf4 e5 13. Bd2 Be6 14. N3h2 d5 15. Ne3 Rad8 16. c4 dxe4 17. dxe4 Nd4 18. Nd5 Bxd5 19. exd5 f5 20. Nf3 Kh7 21. Nxd4 cxd4 22. Bb4 Qd7 23. Rc1 Rfe8 24. d6 Nc6 25. Ba3 e4 26. c5 bxc5 27. Bxc5 d3 28. b4 Rc8 29. f3 Be5 30. fxe4 Bxd6 31. Re3 Nxb4 32. Bxd6 Qxd6 33. Kh2 Rxc1 34. Qxc1 d2 35. Qd1 f4 36. e5 fxg3+ 37. Kh1 Rxe5 38. Be4 Rxe4 0-1

[Event "DFMMLV 2024"]
[Site "Braunfels"]
[Date "2024.05.31"]
[Round "3.5"]
[White "Vidonyak, Nellya"]
[Black "Valkova, Angelika"]
[Result "0-1"]
[ECO "E14"]
[WhiteElo "2098"]
[BlackElo "2004"]
[Annotator "RC"]
[PlyCount "120"]
[EventDate "2024.05.30"]
[EventType "team-tourn"]
[EventCountry "GER"]
[SourceTitle "playchess.com"]
[Source "ChessBase"]
[SourceQuality "1"]
[TimeControl "40/5400+30:1800+30"]

1. d4 d5 2. Nf3 Nf6 3. e3 e6 4. Bd3 b6 5. O-O Bd6 6. b3 O-O 7. c4 Bb7 8. Ne5 Nbd7 9. Bb2 dxc4 10. Nxc4 Be7 11. Nbd2 c5 12. Nf3 cxd4 13. Bxd4 Nc5 14. Bc2 Qd5 15. Nce5 Ba6 16. Re1 Nce4 17. Bd3 Bxd3 18. Qxd3 Rac8 19. Rac1 Qb7 20. Red1 Ba3 21. Rxc8 Rxc8 22. Nc4 Be7 23. a4 Ng4 24. Rf1 Qd5 25. h3 Ngf6 26. Rd1 Nc5 27. Qb1 Qe4 28. Nfe5 Qxb1 29. Rxb1 Nfe4 30. f3 Ng3 31. Bxc5 Rxc5 32. e4 Rc7 33. Rd1 f6 34. Kh2 Ne2 35. Ng4 h5 36. Nge3 h4 37. Nf1 Kf8 38. e5 fxe5 39. Re1 Nd4 40. Nxe5 Bd6 41. Kh1 Bxe5 42. Rxe5 Nxb3 43. g4 hxg3 44. Nxg3 Rc1+ 45. Kg2 Rc2+ 46. Kg1 Nc5 47. a5 bxa5 48. Ne4 Nxe4 49. fxe4 a4 50. Ra5 Ra2 51. Rxa7 a3 52. h4 Kg8 53. h5 Kh7 54. Ra6 Kh6 55. Rxe6+ Kxh5 56. Ra6 Kg4 57. e5 Kf5 58. e6 Kf6 59. Ra7 Kxe6 60. Rxg7 Rb2 0-1

[Event "DFMMLV 2024"]
[Site "Braunfels"]
[Date "2024.05.31"]
[Round "3.6"]
[White "Gheng, Simona"]
[Black "Wagner, Margarethe"]
[Result "0-1"]
[ECO "B90"]
[WhiteElo "1982"]
[BlackElo "2011"]
[Annotator "RC"]
[PlyCount "136"]
[EventDate "2024.05.30"]
[EventType "team-tourn"]
[EventCountry "GER"]
[SourceTitle "playchess.com"]
[Source "ChessBase"]
[SourceQuality "1"]
[TimeControl "40/5400+30:1800+30"]

1. e4 c5 2. Nf3 d6 3. d4 cxd4 4. Nxd4 Nf6 5. Nc3 a6 6. a4 e5 7. Nf3 Be7 8. Bc4 O-O 9. O-O Be6 10. Bxe6 fxe6 11. Ng5 Qd7 12. Qd3 h6 13. Nf3 Nc6 14. Rd1 Qe8 15. Ne2 Rc8 16. Ng3 Qf7 17. Qb3 Rc7 18. Be3 Nd7 19. Bb6 Nxb6 20. Qxb6 Rfc8 21. c4 Nb8 22. b3 Nd7 23. Qe3 Rc6 24. h3 a5 25. Ne2 Bd8 26. Nc3 Bb6 27. Qe2 Rf8 28. Nb5 Bc5 29. Rd3 Nf6 30. Rad1 Ne8 31. R1d2 Bb4 32. Ra2 Qf4 33. Nd2 Nf6 34. Rf3 Qg5 35. Nf1 Nh5 36. Rxf8+ Kxf8 37. g3 Nf6 38. Kg2 Ke7 39. Ra1 Qg6 40. f3 Nh5 41. Kh2 Bc5 42. Qg2 Qf7 43. Rd1 g5 44. Rd3 Nf6 45. Qe2 Qg6 46. Ne3 h5 47. Ng2 g4 48. Nh4 Qg5 49. Qf1 gxh3 50. Qxh3 Qc1 51. Qg2 Qb1 52. Rc3 Bd4 53. Nxd4 exd4 54. Qc2 Qxc2+ 55. Rxc2 Rb6 56. Rb2 Nd7 57. Ng6+ Kf7 58. Nf4 Nc5 59. Kg2 Rxb3 60. Rxb3 Nxb3 61. Nxh5 Nc5 62. Kf2 Nxa4 63. Nf4 Nb2 64. Ke2 e5 65. Nd5 a4 66. f4 Nxc4 67. f5 b5 68. g4 Ne3 0-1